 Dungeon Crawl Stone Soup version 0.20.1-1-g8b1a95d (webtiles) character file.

39 Knicklaso the Slasher (level 3, -2/31 HPs)
             Began as a Minotaur Fighter on July 19, 2017.
             Killed from afar by Knicklaso's ghost (4 damage)
             ... with a magic dart
             ... on level 3 of the Dungeon.
             The game lasted 00:03:36 (760 turns).

Knicklaso the Slasher (Minotaur Fighter)             Turns: 760, Time: 00:03:37

Health: -2/31      AC:  6    Str: 21    XL:     3   Next: 26%
Magic:  2/2        EV:  7    Int:  5    God:
Gold:   149        SH:  9    Dex:  9    Spells: 2/2 levels left

rFire    . . .     SeeInvis .   a - +0 long sword
rCold    . . .     Gourm    .   c - +0 shield
rNeg     . . .     Faith    .   b - +0 scale mail
rPois    .         Spirit   .   (helmet restricted)
rElec    .         Reflect  .   (no cloak)
rCorr    .         Harm     .   (no gloves)
MR       .....                  (no boots)
Stlth    ..........             (no amulet)
Regen    0.1/turn               (no ring)
MPRegen  0.1/turn               (no ring)

@: no status effects
A: retaliatory headbutt, horns 2
a: no special abilities


You were on level 3 of the Dungeon.
You were not hungry.

You visited 1 branch of the dungeon, and saw 3 of its levels.

You collected 149 gold pieces.

Inventory:

Hand Weapons
 a - a +0 long sword (weapon)
 n - a +0 fustibalus
Missiles
 k - 5 steel tomahawks (quivered)
Armour
 b - a +0 scale mail (worn)
 c - a +0 shield (worn)
Jewellery
 m - a +5 ring of strength {unknown}
Scrolls
 e - a scroll of enchant weapon {unknown}
 j - 2 scrolls of identify {unknown}
 l - 2 scrolls of enchant armour {unknown}
Potions
 d - a potion of might
 h - a potion of berserk rage {unknown}
Comestibles
 f - a bread ration
 i - 2 meat rations


   Skills:
 - Level 3.6 Fighting
 + Level 4.5 Long Blades
 - Level 3.6 Armour
 - Level 3.6 Shields


You had 2 spell levels left.
You didn't know any spells.

Dungeon Overview and Level Annotations

Branches:
Dungeon (2/15)

Altars:
Vehumet

Annotations:
D:3 Knicklaso's ghost, amateur OgWz


Innate Abilities, Weirdness & Mutations

You reflexively headbutt those who attack you in melee.
You have a pair of horns on your head.


Message History

You kill the leopard gecko!
Knicklaso's ghost gestures at you while chanting.
The magic dart hits you!
* * * LOW HITPOINT WARNING * * *
The kobold throws a stone.
You block the stone.
Your shield prevents you from hitting the hobgoblin.
Your headbutt misses the hobgoblin. You block the hobgoblin's attack.
You barely miss the hobgoblin. Your headbutt misses the hobgoblin.
The hobgoblin hits you with a club.
* * * LOW HITPOINT WARNING * * *
You closely miss the hobgoblin. Your headbutt misses the hobgoblin.
You block the hobgoblin's attack. x2
You hit the hobgoblin.
The hobgoblin is almost dead.
You block the hobgoblin's attack.
You barely miss the hobgoblin. You headbutt the hobgoblin.
You kill the hobgoblin!
Knicklaso's ghost casts a spell at you. The magic dart hits you!
You die...

#####..########## # #..#
#####..##### ###
............. ..#
############# #.# # #.#
# #.# # #.# # #@# # #)#
# ##W## # #.K.#
########### ###...###
..........###.(.....#
#########.#((..........#
#.#.#.......##.#
#.#.###...### #


You could see Knicklaso's ghost and a kobold.

Vanquished Creatures
  A dart slug (D:3)
  5 leopard geckos
  4 bats
  2 goblins (D:1)
  8 hobgoblins
  A ball python (D:1)
  3 frilled lizards
  4 kobolds (D:1)
  A rat (D:1)
29 creatures vanquished.

Notes
Turn   | Place    | Note
-------+----------+-------------------------------------------
     0 | D:1      | Knicklaso the Minotaur Fighter began the quest for the Orb.
     0 | D:1      | Reached XP level 1. HP: 19/19 MP: 0/0
    53 | D:1      | Reached skill level 3 in Long Blades
   143 | D:1      | Reached XP level 2. HP: 26/26 MP: 1/1
   394 | D:1      | Reached skill level 4 in Long Blades
   531 | D:2      | Found a radiant altar of Vehumet.
   550 | D:2      | You fall through a shaft!
   577 | D:3      | Reached XP level 3. HP: 31/31 MP: 2/2
   739 | D:3      | Noticed Knicklaso's ghost (amateur OgWz)
   760 | D:3      | Killed from afar by Knicklaso's ghost

Skill      XL: |  1  2 |
---------------+-------+-----
Long Blades    | 3 4 |  4.5
Fighting       | |  3.6
Armour         | |  3.6
Shields        | |  3.6

Action                   || total
-------------------------++-------
Melee: Long sword        ||    65
       Headbutt          ||     5
Armor: Scale mail        ||    34
Dodge: Dodged            ||    16
Block: Shield            ||    33
       Rpst.: Long sword ||     3
